 Dungeon Crawl Stone Soup version 0.19.0-24-gb05acd6 (webtiles) character file.

166 Mesmaeker13 the Charmwright (level 5, -2/38 HPs)
             Began as a Merfolk Skald on Nov 21, 2016.
             Slain by an orc priest
             ... wielding a +0 flail
              (8 damage)
             ... on level 3 of the Dungeon.
             The game lasted 00:05:20 (2898 turns).

Mesmaeker13 the Charmwright (Merfolk Skald)         Turns: 2898, Time: 00:05:21

Health: -2/38      AC:  4    Str: 12    XL:     5   Next: 47%
Magic:  2/8        EV: 12    Int: 13    God:
Gold:   66         SH:  0    Dex: 13    Spells: 3 memorised, 3 levels left

rFire  . . .     SeeInvis .     a - +0 spear
rCold  . . .     Gourm    .     b - +0 leather armour
rNeg   . . .     Faith    .     (no shield)
rPois  .         Spirit   .     (no helmet)
rElec  .         Reflect  .     (no cloak)
rCorr  .         Harm     .     (no gloves)
MR     +....                    s - +0 pair of boots
Stlth  ++........               (no amulet)
                                g - ring of stealth
                                e - ring of protection from magic

@: infused
A: change form in water, swift swim, stealthy swim
a: no special abilities


You were on level 3 of the Dungeon.
You were not hungry.

You visited 1 branch of the dungeon, and saw 3 of its levels.

You collected 66 gold pieces.

Inventory:

Hand Weapons
 a - a +0 spear (weapon)
Missiles
 j - 17 poisoned needles
 m - 158 stones (quivered)
 n - 3 javelins
Armour
 b - a +0 leather armour (worn)
 i - a +0 buckler
 s - a +0 pair of boots (worn)
Jewellery
 e - a ring of protection from magic (left hand)
 g - a ring of stealth (right hand)
 w - an uncursed ring of resist corrosion
Wands
 t - a wand of digging (11/24)
Scrolls
 f - a scroll of immolation {unknown}
 h - 2 scrolls of remove curse {unknown}
 k - a scroll of blinking {unknown}
 p - 2 scrolls of teleportation {unknown}
 r - a scroll of enchant armour {unknown}
 x - 2 scrolls of identify {unknown}
 y - a scroll of random uselessness {unknown}
 z - a scroll of magic mapping {unknown}
Potions
 q - a potion of degeneration {unknown}
 v - a potion of curing {unknown}
 A - a potion of invisibility {unknown}
Books
 c - a book of Battle

   Spells                             Type                      Level
   a - Infusion                       Charms                       1
   b - Shroud of Golubria             Charms/Translocation         2
   c - Song of Slaying                Charms                       2
   d - Spectral Weapon                Hexes/Charms                 3
   e - Regeneration                   Charms/Necromancy            3
Comestibles
 d - 3 bread rations
 l - a royal jelly
 o - a chunk of flesh
 u - a beef jerky
 B - a slice of pizza


   Skills:
 - Level 2.1 Fighting
 - Level 3.0 Polearms
 - Level 0.6 Armour
 + Level 3.1 Dodging
 - Level 2.0 Spellcasting
 + Level 5.9 Charms
 + Level 0.7 Translocations


You had 3 spell levels left.
You knew the following spells:

 Your Spells              Type           Power        Failure   Level  Hunger
a - Infusion              Chrm           ###.         3%          1    ##.....
b - Song of Slaying       Chrm           ###.....     6%          2    ###....
c - Shroud of Golubria    Chrm/Tloc      #.........   14%         2    ###....


Dungeon Overview and Level Annotations

Branches:
Dungeon (3/15)

Altars:
The Shining One


Message History

* * * LOW HITPOINT WARNING * * *
You hit the orc priest but do no damage.
The orc priest is severely wounded.
The orc priest hits you with a flail.
* * * LOW HITPOINT WARNING * * *
You hit the orc priest but do no damage.
The orc priest is severely wounded.
The orc priest barely misses you.
You barely miss the orc priest.
The orc priest is heavily wounded.
Your leather armour prevents you from hitting the orc priest.
The orc priest is heavily wounded.
The orc priest barely misses you.
You barely miss the orc priest.
The orc priest is heavily wounded.
The orc priest misses you.
You hit the orc priest but do no damage.
The orc priest is heavily wounded.
The orc priest hits you with a flail!
You die...

...........................
>.(.o....................###
.o ...####.##.###......##..#
..o .. #..o.###.########)#
#...........r. ..#
##.......#.# #.# ######'##.#
.# . #........#. ...
#@.......K...
...oo######)o....###...
.....).o.['......# ..
.....######......# ...
#......# . .........
###########


You could see an orc priest.

Vanquished Creatures
  A hound (D:3)
  7 adders
  A worm (D:2)
  2 dart slugs (D:1)
  4 leopard geckos
  3 orcs (D:3)
  A ball python (D:2)
  4 bats
  4 giant cockroaches
  7 goblins
  5 hobgoblins
  4 jackals
  7 kobolds
  3 quokkas
  2 frilled lizards (D:1)
  5 rats
60 creatures vanquished.

Notes
Turn   | Place    | Note
-------+----------+-------------------------------------------
     0 | D:1      | Mesmaeker13 the Merfolk Skald began the quest for the Orb.
     0 | D:1      | Reached XP level 1. HP: 16/16 MP: 3/3
   120 | D:1      | Reached XP level 2. HP: 5/22 MP: 0/5
   453 | D:1      | Reached skill level 4 in Charms
   952 | D:1      | Reached XP level 3. HP: 27/27 MP: 2/6
  1420 | D:2      | Learned a level 2 spell: Song of Slaying
  1438 | D:2      | Found a glowing golden altar of the Shining One.
  1521 | D:2      | Reached skill level 5 in Charms
  1528 | D:2      | Learned a level 2 spell: Shroud of Golubria
  1774 | D:2      | Reached XP level 4. HP: 18/33 MP: 1/7
  2594 | D:3      | Reached XP level 5. HP: 38/38 MP: 3/8
  2898 | D:3      | Slain by an orc priest

Skill      XL: |  1  2  3  4  5 |
---------------+----------------+-----
Charms         | 4 5 |  5.9
Dodging        | 2 3 |  3.1
Fighting       | |  2.1
Polearms       | |  3.0
Armour         | |  0.6
Spellcasting   | |  2.0
Translocations | |  0.7

Action                   |  1- 3 |  4- 6 || total
-------------------------+-------+-------++-------
Melee: Spear             |   123 |   106 ||   229
Throw: Stone             |       |     7 ||     7
 Cast: Infusion          |    11 |    10 ||    21
       Song of Slaying   |       |     1 ||     1
 Stab: Sleeping          |     8 |     1 ||     9
       Distracted        |       |     1 ||     1
  Eat: Chunk             |     3 |     4 ||     7
Armor: Leather armour    |    25 |    20 ||    45
Dodge: Dodged            |    54 |    59 ||   113
